 Dungeon Crawl Stone Soup version 0.25-a0-949-gdd2af9e06e (webtiles) character file.

Game seed: 13046114767440640293, levelgen mode: deterministic

136361 mortelune the Markscentaur (level 16, -7/147 HPs)
             Began as a Centaur Fighter on May 8, 2020.
             Was the Champion of Okawaru.
             Mangled by a spark wasp (16 damage)
             ... on level 3 of the Spider Nest.
             The game lasted 01:46:56 (52488 turns).

mortelune the Markscentaur (Centaur Fighter)       Turns: 52488, Time: 01:46:57

Health: -7/147     AC: 25    Str: 24    XL:     16   Next: 66%
Magic:  21/21      EV: 11    Int:  7    God:    Okawaru [******]
Gold:   760        SH:  0    Dex: 11    Spells: 18/21 levels left

rFire    . . .     SeeInvis +   b - +1 demon trident (freeze)
rCold    . . .     Gourm    .   (no shield)
rNeg     . . .     Faith    .   X - +3 ring mail {rPois}
rPois    +         Spirit   .   o - +1 helmet
rElec    .         Reflect  .   x - +2 cloak {MR+}
rCorr    .         Harm     .   H - +1 pair of gloves {archery}
MR       +++..                  V - +2 centaur barding {Stlth+}
Stlth    ++........             (no amulet)
HPRegen  0.34/turn              m - ring of protection from magic
MPRegen  0.17/turn              S - ring of see invisible

@: studying Dodging, very quick
A: large, hooves 3, deformed body, speed 2, sense surroundings 2, tough skin 3
a: Heroism, Finesse, Renounce Religion


You were on level 3 of the Spider Nest.
You worshipped Okawaru.
Okawaru was exalted by your worship.
You were not hungry.

You visited 5 branches of the dungeon, and saw 28 of its levels.

You collected 2785 gold pieces.
You spent 2025 gold pieces at shops.

Inventory:

Hand Weapons
 a - the +9 longbow "Dragonbane" {freeze, MR+ Dex+2}
   (Okawaru gifted it to you on level 2 of the Spider Nest)

   It causes projectiles fired from it to freeze those they strike, causing
   extra injury to most foes and up to half again as much damage against
   particularly susceptible opponents.
   They can also slow down cold-blooded creatures.
   It affects your dexterity (+2).
   It affects your resistance to hostile enchantments.
 b - a +1 demon trident of freezing (weapon)
Missiles
 Q - 305 arrows
Armour
 o - a +1 helmet (worn)
 u - a scarf of resistance
 x - a +2 cloak of magic resistance (worn)
 F - a +2 scale mail of fire resistance
 H - a +1 pair of gloves of archery (worn)
 J - +0 ice dragon scales
 L - a scarf of repulsion
 R - the +4 scale mail of Misanthropy {rC+ Regen+ Str+4}
   (Okawaru gifted it to you on level 14 of the Dungeon)

   It affects your strength (+4).
   It protects you from cold.
   It increases your rate of regeneration.
 V - a +2 centaur barding of stealth (worn)
 X - a +3 ring mail of poison resistance (worn)
Jewellery
 m - a ring of protection from magic (left hand)
 A - the ring "Zuluqacs" {+Fly rF+ MP-9 Dex+6}
   (You found it on level 6 of the Lair of Beasts)

   [ring of flight]

   It affects your dexterity (+6).
   It protects you from fire.
   It affects your magic capacity (-9).
   It lets you fly.
 C - an uncursed ring of resist corrosion
 M - an uncursed ring of protection from magic
 S - a ring of see invisible (right hand)
Wands
 h - a wand of iceblast (3)
 D - a wand of digging (7)
 P - a wand of acid (7)
 W - a wand of paralysis (7)
Scrolls
 f - 6 scrolls of fog
 i - 3 scrolls of identify
 k - 2 scrolls of immolation
 p - 19 scrolls of remove curse
 q - a scroll of brand weapon
 r - 8 scrolls of magic mapping
 t - 9 scrolls of teleportation
 w - 5 scrolls of enchant weapon
 z - 5 scrolls of amnesia
 I - a scroll of acquirement
 O - 2 scrolls of holy word
 T - 4 scrolls of enchant armour
 Z - a scroll of summoning
Potions
 c - 5 potions of haste
 d - 7 potions of might
 g - 3 potions of brilliance
 j - 5 potions of lignification
 l - 5 potions of curing
 s - 2 potions of mutation
 y - a potion of invisibility
 E - a potion of resistance
 G - a potion of magic
 K - 5 potions of heal wounds
 U - a potion of flight
 Y - 2 potions of cancellation
Books
 v - a manual of Dodging
Miscellaneous
 N - a phantom mirror
Comestibles
 n - 40 rations


   Skills:
 - Level 14.4 Fighting
 - Level 14.0 Polearms
 + Level 17.0 Bows
 - Level 8.0 Armour
 + Level 9.4 Dodging
   Level 2.1 Shields
 + Level 3.3 Spellcasting
 * Level 6.9 Translocations
 - Level 7.0 Invocations


You had 18 spell levels left.
You knew the following spells:

 Your Spells              Type           Power        Failure   Level  Hunger
a - Portal Projectile     Hex/Tloc       #.....       34%         3    ####...

Your spell library contained the following spells:

 Spells                   Type           Power        Failure   Level  Hunger
 Apportation              Tloc           ##....       2%          1    ##.....
 Shroud of Golubria       Chrm/Tloc      #.....       19%         2    ###....
 Animate Skeleton         Necr           N/A          45%         1    ##.....
 Beastly Appendage        Tmut           #.....       45%         1    ##.....
 Corona                   Hex            #......      45%         1    ##.....
 Infusion                 Chrm           #...         45%         1    ##.....
 Magic Dart               Conj           #...         45%         1    ##.....
 Sandblast                Erth           #.....       45%         1    ##.....
 Summon Small Mammal      Summ           #...         45%         1    ##.....
 Call Imp                 Summ           #.......     58%         2    ###....
 Corpse Rot               Necr/Air       N/A          58%         2    ###....
 Ensorcelled Hibernation  Hex/Ice        #.....       58%         2    ###....
 Passwall                 Tmut/Erth      #.......     58%         2    ###....
 Searing Ray              Conj           #.....       58%         2    ###....
 Slow                     Hex            #.......     58%         2    ###....
 Song of Slaying          Chrm           #.......     58%         2    ###....
 Sticks to Snakes         Tmut           #.......     58%         2    ###....
 Sublimation of Blood     Necr           #.........   58%         2    ###....
 Iskenderun's Mystic Bla  Conj/Tloc      #.......     75%         4    #####..
 Call Canine Familiar     Summ           #.......     83%         3    ####...
 Confusing Touch          Hex            #.......     83%         3    ####...
 Dazzling Flash           Conj/Hex       #.....       83%         3    ####...
 Inner Flame              Hex/Fire       #.......     83%         3    ####...
 Ozocubu's Armour         Chrm/Ice       #.......     83%         3    ####...
 Spectral Weapon          Hex/Chrm       #.......     83%         3    ####...
 Spider Form              Tmut/Pois      #.........   83%         3    ####...
 Stone Arrow              Conj/Erth      #.....       83%         3    ####...
 Summon Guardian Golem    Hex/Summ       #.......     83%         3    ####...
 Tukima's Dance           Hex            #.......     83%         3    ####...
 Cause Fear               Hex            #.........   99%         4    #####..
 Dispel Undead            Necr           #.......     99%         4    #####..
 Fulminant Prism          Conj/Hex       #.........   99%         4    #####..
 Ice Form                 Ice/Tmut       #.......     99%         4    #####..
 Leda's Liquefaction      Hex/Erth       #.........   99%         4    #####..
 Petrify                  Tmut/Erth      #.......     99%         4    #####..
 Summon Ice Beast         Ice/Summ       #.......     99%         4    #####..
 Summon Lightning Spire   Summ/Air       #.......     99%         4    #####..
 Agony                    Necr           #.......     100%        5    ######.
 Blade Hands              Tmut           #.........   100%        5    ######.
 Bolt of Magma            Conj/Fire/Erth #.........   100%        5    ######.
 Excruciating Wounds      Chrm/Necr      #.........   100%        5    ######.
 Iskenderun's Battlesphe  Conj/Chrm      #.......     100%        5    ######.
 Lee's Rapid Deconstruct  Erth           #.........   100%        5    ######.
 Metabolic Englaciation   Hex/Ice        #.........   100%        5    ######.
 Freezing Cloud           Conj/Ice/Air   #.........   100%        6    #######
 Iron Shot                Conj/Erth      #.........   100%        6    #######
 Ozocubu's Refrigeration  Ice            #.........   100%        6    #######
 Simulacrum               Ice/Necr       #.........   100%        6    #######
 Orb of Destruction       Conj           #.........   100%        7    #######
 Spellforged Servitor     Conj/Summ      #.........   100%        7    #######


Dungeon Overview and Level Annotations

Branches:
Dungeon (15/15)            Temple (1/1) D:6            Lair (6/6) D:11
 Shoals (0/4) Lair:3       Spider (4/4) Lair:3        Slime (0/5) Lair:5
    Orc (2/2) D:10            Elf (0/3) Orc:2        Vaults (0/5) D:13
 Depths (0/5) D:15

Altars:
Ashenzari
Cheibriados
Dithmenos
Elyvilon
Fedhas
Gozag
Hepliaklqana
Kikubaaqudgha
Makhleb
Nemelex Xobeh
Okawaru
Qazlal
Ru
Sif Muna
Trog
Uskayaw
Vehumet
Wu Jian
Xom
Yredelemnul
Zin
The Shining One
Beogh

Shops:
D:7 ?:(   D:9 [   D:10 [   D:12 }   D:13 !   Orc:2 ([*=

Annotations:
D:3 1 runed translucent door, gruber's ghost, amateur DEIE
D:6 Sigmund
D:10 2 runed translucent doors, bmj180's ghost, novice DrCj
D:11 1 runed translucent door, Mergh's ghost, journeyman MiFi
Orc:1 2 transporters, Obuvvaogo's ghost, journeyman KoEE


Innate Abilities, Weirdness & Mutations

You have hooves in place of feet.
Armour fits poorly on your strangely shaped body.
You cover ground very quickly.
You have extremely tough skin. (AC +3)
You passively map the area around you.


Message History

* * * LOW HITPOINT WARNING * * *
The spark wasp shocks you!
* * * LOW HITPOINT WARNING * * *
You feel much better.
The spark wasp stings you but does no damage.
The +9 longbow "Dragonbane" {freeze, MR+ Dex+2} stops glowing.
Your +1 demon trident of freezing glows with a cold blue light!
b - a +1 demon trident of freezing (weapon)
The spark wasp stings you.
* * * LOW HITPOINT WARNING * * *
The spark wasp shocks you!
* * * LOW HITPOINT WARNING * * *
You completely miss the spark wasp. Your kick misses the spark wasp.
The spark wasp stings you but does no damage.
You hit the spark wasp but do no damage.
You kick the spark wasp, but do no damage.
The spark wasp stings you!
* * * LOW HITPOINT WARNING * * *
The spark wasp shocks you!
You die...

...# ##...#....#.##........ ..###
#####.....#.#.....^...#..^
....####^.#..........#....#......
.....#.......#^.#.#..#..^.......^
.....#..#..#.......#......#^....#
.#......#....>.......^#.#...#^...
..#.......^.#..##..........#.....
#.....#..##..............#......^
#...............@#...##.........#
#^.............#y..#..#......#..^
##.#.......#####.....<.#....#....
##...#...## ####.#..<....#.#..
##.##..## ####.#..#..#... #######
#####.#^.... #.^...^. #....^..
##......


You could see a spark wasp.

Vanquished Creatures
  Kirke (D:13)
  7 emperor scorpions
  3 ghost moths
  3 orc warlords
  An entropy weaver (Spider:3)
  A stone giant (Orc:1)
  A spark wasp (Spider:3)
  5 dire elephants (Lair:6)
  Snorg (D:12)
  Harold (Lair:2)
  Erolcha (D:9)
  2 ice dragons (D:15)
  Fannar (Lair:3)
  4 hydras
  4 vault guards (D:13)
  A catoblepas (Lair:4)
  An anaconda (Lair:6)
  A two-headed ogre (D:13)
  2 tengu warriors
  Urug (Orc:2)
  An orc high priest (Orc:2)
  Sonja (Lair:5)
  4 skeletal warriors
  2 unseen horrors
  2 orc knights (Orc:2)
  10 orb spiders
  A wolf spider zombie (D:15)
  3 deep elf magi
  8 orc sorcerers
  16 wolf spiders
  6 ugly things
  2 cyclopes
  5 manticores
  A moth of wrath (Spider:3)
  A merfolk siren (Lair:3)
  17 elephants
  Maurice (D:13)
  A black mamba (Lair:6)
  Maggie (D:7)
  2 gargoyles (D:11)
  A torpor snail (Spider:1)
  Psyche (D:9)
  13 spiny frogs
  2 orange demons (D:12)
  12 demonic crawlers
  An efreet (D:14)
  7 komodo dragons
  A freezing wraith (D:15)
  3 meliai (D:15)
  7 trolls
  2 tengu conjurers (D:13)
  32 jumping spiders
  A polar bear (Lair:3)
  5 hornets (Spider:3)
  4 blink frogs (Lair:3)
  7 hippogriffs
  5 slime creatures (D:13)
  62 redbacks
  58 yaks
  A centaur simulacrum (D:14)
  6 wyverns
  2 spriggans
  2 hogs (D:13)
  15 tarantellas
  2 wraiths
  Grum (Lair:1)
  4 hungry ghosts
  4 basilisks
  6 wargs
  Edmund (D:6)
  A soldier ant (D:13)
  9 porcupines
  2 acid dragons
  15 water moccasins
  36 orc warriors
  7 ice beasts
  2 eyes of draining
  An ice beast (shapeshifter) (D:15)
  3 black bears
  A black bear (shapeshifter) (D:12)
  5 necrophages (Lair:5)
  A phantom (D:5)
  A sky beast (D:9)
  4 ogres
  10 centaurs
  9 wolves (Lair:1)
  12 crocodiles
  25 bullfrogs
  6 big kobolds
  3 gnoll sergeants
  A wyvern skeleton (D:12)
  A hornet simulacrum (D:15)
  5 scorpions
  6 killer bees (D:10)
  6 wights
  3 howler monkeys
  5 centaur zombies
  11 crimson imps
  2 bullfrog zombies
  10 jellies
  4 hounds
  17 orc priests
  A bullfrog skeleton (D:8)
  34 orc wizards
  3 centaur skeletons
  4 iguanas
  7 worker ants
  3 hound skeletons
  A worker ant zombie (D:7)
  13 gnolls
  6 adders
  5 shadow imps
  An adder skeleton (D:9)
  A worm (D:2)
  5 leopard geckos
  70 orcs
  6 bats
  4 goblins
  11 hobgoblins
  18 jackals
  4 quokkas
  A ball python (D:2)
  8 frilled lizards
  A jackal zombie (D:5)
  34 kobolds
  7 rats
  A fungus (Spider:3)
  3 plants (Lair:6)
871 creatures vanquished.

Vanquished Creatures (others)
  A quokka (D:9)
  16 fungi
  9 plants
26 creatures vanquished.

Grand Total: 897 creatures vanquished

Notes
Turn   | Place    | Note
-------+----------+-------------------------------------------
     0 | D:1      | mortelune the Centaur Fighter began the quest for the Orb.
     0 | D:1      | Reached XP level 1. HP: 19/19 MP: 1/1
     9 | D:1      | Noticed a bullfrog
   134 | D:1      | Reached XP level 2. HP: 23/26 MP: 2/2
   418 | D:1      | Reached XP level 3. HP: 23/31 MP: 3/3
   860 | D:2      | Noticed an orc warrior
  1067 | D:2      | Found a shadowy altar of Dithmenos.
  1312 | D:2      | Reached XP level 4. HP: 33/40 MP: 4/4
  1746 | D:3      | Found a runed translucent door.
  1746 | D:3      | Noticed gruber's ghost (amateur DEIE)
  2044 | D:3      | Found a hide-covered altar of Uskayaw.
  2347 | D:4      | Noticed a big kobold
  2350 | D:4      | Noticed a big kobold
  2391 | D:4      | Killed a big kobold
  2391 | D:4      | Reached XP level 5. HP: 24/47 MP: 3/5
  2394 | D:4      | Reached skill level 5 in Fighting
  2808 | D:4      | Reached XP level 6. HP: 49/56 MP: 4/6
  3651 | D:5      | Entered Level 5 of the Dungeon
  4147 | D:5      | Reached skill level 5 in Polearms
  4170 | D:4      | Reached XP level 7. HP: 36/63 MP: 4/7
  4678 | D:5      | Reached skill level 1 in Bows
  4833 | D:5      | Reached skill level 2 in Bows
  5320 | D:6      | Reached skill level 3 in Bows
  5322 | D:6      | Found a shadowy altar of Dithmenos.
  5356 | D:5      | Reached XP level 8. HP: 36/73 MP: 5/8
  5559 | D:6      | Noticed a troll
  6010 | D:3      | Reached skill level 4 in Bows
  6788 | D:6      | Noticed Sigmund
  6949 | D:7      | Reached skill level 5 in Bows
  7171 | D:7      | Noticed Maggie
  7203 | D:7      | Killed Maggie
  7203 | D:7      | Reached skill level 6 in Bows
  7517 | D:7      | Noticed a hippogriff
  7557 | D:7      | Reached XP level 9. HP: 81/81 MP: 9/9
  7709 | D:7      | Found Daewaw's Weapon Emporium.
  8010 | D:7      | Reached skill level 7 in Bows
  8193 | D:7      | Found a basalt altar of Yredelemnul.
  8254 | D:7      | Found Ogredghu's Book Shoppe.
  8422 | D:7      | Found Feodedith's Magic Scroll Shop.
  8430 | D:7      | Bought a scroll of identify for 22 gold pieces
  8430 | D:7      | Bought a scroll of blinking for 82 gold pieces
  8430 | D:7      | Bought a scroll of fear for 38 gold pieces
  8430 | D:7      | Bought a scroll of identify for 22 gold pieces
  8430 | D:7      | Bought a scroll of identify for 22 gold pieces
  9108 | D:6      | Found a shimmering blue altar of Sif Muna.
  9240 | D:6      | Noticed Edmund
  9254 | D:6      | Killed Edmund
  9359 | D:6      | Found a staircase to the Ecumenical Temple.
  9372 | Temple   | Entered the Ecumenical Temple
  9454 | Temple   | Became a worshipper of Warmaster Okawaru
  9853 | D:8      | Found a sparkling altar of Nemelex Xobeh.
  9922 | D:8      | Reached skill level 8 in Bows
 10171 | D:8      | Found a radiant altar of Vehumet.
 10206 | D:8      | Reached * piety under Okawaru
 10535 | D:8      | Gained mutation: You passively map a small area around you.
                  | [potion of mutation]
 10535 | D:8      | Gained mutation: You passively map the area around you.
                  | [potion of mutation]
 10722 | D:9      | Reached ** piety under Okawaru
 10722 | D:9      | Reached skill level 9 in Bows
 10722 | D:9      | Reached XP level 10. HP: 68/91 MP: 10/10
 10884 | D:9      | Found a white marble altar of Elyvilon.
 10914 | D:9      | Noticed Erolcha
 10991 | D:9      | Killed Erolcha
 11194 | D:9      | Found a shimmering altar of Xom.
 11195 | D:9      | Found a hazy altar of Hepliaklqana.
 11220 | D:9      | Found Buhevuat's Armour Emporium.
 11378 | D:9      | Reached skill level 10 in Fighting
 11721 | D:9      | Noticed Psyche
 11747 | D:9      | Killed Psyche
 11747 | D:9      | Reached skill level 10 in Bows
 12418 | D:10     | Entered Level 10 of the Dungeon
 12480 | D:10     | Noticed bmj180's ghost (novice DrCj)
 12481 | D:10     | Noticed a lich
 12481 | D:10     | Noticed a necromancer
 12481 | D:10     | Noticed a skeletal warrior
 12482 | D:10     | Noticed a centaur warrior
 12482 | D:10     | Noticed a skeletal warrior
 12482 | D:10     | Noticed an ice dragon
 12483 | D:10     | Noticed an ettin
 12970 | D:10     | Found Vabal's Armour Shop.
 13381 | D:10     | Found a runed translucent door.
 13393 | D:10     | Found a runed translucent door.
 13454 | D:10     | Reached *** piety under Okawaru
 13454 | D:10     | Reached skill level 11 in Bows
 13720 | D:10     | Found a staircase to the Orcish Mines.
 13982 | D:11     | Noticed a gargoyle
 14044 | D:10     | Reached XP level 11. HP: 43/101 MP: 5/11
 14765 | D:11     | Reached **** piety under Okawaru
 14952 | D:11     | Reached skill level 10 in Polearms
 15220 | D:11     | Found a staircase to the Lair.
 15305 | D:11     | Noticed Mergh's ghost (journeyman MiFi)
 15308 | D:11     | Found a runed translucent door.
 15825 | D:11     | HP: 4/102 [gargoyle/stone arrow (17)]
 16329 | D:11     | Noticed a green ugly thing
 16336 | D:11     | Reached skill level 12 in Bows
 16390 | D:11     | Killed a green ugly thing
 16390 | D:11     | Received a gift from Okawaru
 16649 | D:9      | Bought a +1 pair of gloves of archery for 264 gold pieces
 16713 | Lair:1   | Entered Level 1 of the Lair of Beasts
 17424 | Lair:1   | Noticed a five-headed hydra
 17463 | Lair:1   | Killed a five-headed hydra
 17559 | Lair:1   | Reached ***** piety under Okawaru
 17596 | Lair:1   | Noticed Grum
 17628 | Lair:1   | Killed Grum
 18356 | Lair:1   | Received a gift from Okawaru
 18751 | Lair:1   | Reached XP level 12. HP: 104/112 MP: 12/12
 19744 | Lair:2   | Reached skill level 13 in Bows
 19749 | Lair:2   | Noticed Harold
 19792 | Lair:2   | Killed Harold
 19792 | Lair:2   | Received a gift from Okawaru
 19961 | Lair:2   | Reached skill level 1 in Invocations
 21234 | Lair:3   | Noticed Fannar
 21272 | Lair:3   | Killed Fannar
 22149 | Lair:3   | Received a gift from Okawaru
 22171 | Lair:3   | Found a hole to the Spider Nest.
 22201 | Lair:2   | Reached skill level 5 in Invocations
 22729 | Lair:3   | Found a staircase to the Shoals.
 23206 | Lair:4   | Identified a scroll of acquirement
 23340 | Lair:4   | Received a gift from Okawaru
 23456 | Lair:4   | Noticed a six-headed hydra
 23533 | Lair:4   | Killed a six-headed hydra
 23559 | Lair:4   | Reached XP level 13. HP: 119/119 MP: 17/17
 24327 | Lair:4   | Reached skill level 5 in Armour
 24462 | Lair:5   | Noticed Sonja
 24630 | Lair:5   | Reached skill level 14 in Bows
 24956 | Lair:5   | Found a staircase to the Slime Pits.
 26516 | Lair:5   | Killed Sonja
 26734 | Lair:6   | Entered Level 6 of the Lair of Beasts
 29389 | Lair:6   | Noticed a dire elephant
 29389 | Lair:6   | Noticed a dire elephant
 29405 | Lair:6   | Killed a dire elephant
 29614 | Lair:6   | Noticed a dire elephant
 29617 | Lair:6   | Noticed a dire elephant
 29713 | Lair:6   | Killed a dire elephant
 29713 | Lair:6   | Received a gift from Okawaru
 29786 | Lair:6   | Noticed a dire elephant
 29810 | Lair:6   | Killed a dire elephant
 29810 | Lair:6   | Reached skill level 15 in Bows
 30310 | Lair:6   | Killed a dire elephant
 30310 | Lair:6   | Received a gift from Okawaru
 30337 | Lair:6   | Killed a dire elephant
 30523 | Lair:6   | Got a vibrating amber ring
 30542 | Lair:6   | Identified the ring "Zuluqacs" {+Fly rF+ MP-9 Dex+6} (You
                  | found it on level 6 of the Lair of Beasts)
 30748 | Orc:1    | Entered Level 1 of the Orcish Mines
 30788 | Orc:1    | Reached XP level 14. HP: 105/129 MP: 6/19
 30876 | Orc:1    | Found a transporter.
 31023 | Orc:1    | Noticed a stone giant
 31050 | Orc:1    | Killed a stone giant
 31504 | Orc:1    | Noticed an orc warlord
 31507 | Orc:1    | Noticed Obuvvaogo's ghost (journeyman KoEE)
 31673 | Orc:1    | Killed an orc warlord
 31888 | Orc:1    | Found a transporter.
 32395 | Orc:2    | Entered Level 2 of the Orcish Mines
 32395 | Orc:2    | Noticed an orc warlord
 33389 | Orc:2    | Noticed an orc warlord
 33436 | Orc:1    | Killed an orc warlord
 33436 | Orc:1    | Reached skill level 1 in Dodging
 34045 | Orc:2    | Noticed Urug
 34066 | Orc:2    | Killed Urug
 34226 | Orc:2    | Paralysed by an orc sorcerer for 3 turns
 36263 | D:12     | Received a gift from Okawaru
 36423 | D:12     | Found Juresios's Gadget Shop.
 36427 | D:12     | Bought a wand of acid (10) for 392 gold pieces
 36698 | D:13     | Noticed Maurice
 36714 | D:13     | Noticed Snorg
 36738 | D:12     | Killed Snorg
 36902 | D:13     | Killed Maurice
 37454 | D:13     | Received a gift from Okawaru
 37563 | D:13     | Found Weint's Distillery.
 37572 | D:13     | Bought a potion of invisibility for 112 gold pieces
 37572 | D:13     | Bought a potion of curing for 42 gold pieces
 37877 | D:13     | Found a gate to the Vaults.
 38066 | D:13     | Received a gift from Okawaru
 38560 | D:13     | Noticed Kirke
 38599 | D:13     | Killed Kirke
 38954 | D:13     | Reached XP level 15. HP: 137/137 MP: 11/20
 39254 | D:14     | Reached ****** piety under Okawaru
 39269 | D:14     | Received a gift from Okawaru
 39533 | D:14     | Got a shimmering scale mail {god gift}
 39544 | D:14     | Identified the +4 scale mail of Misanthropy {rC+ Regen+
                  | Str+4} (Okawaru gifted it to you on level 14 of the
                  | Dungeon)
 39961 | D:14     | Reached skill level 5 in Dodging
 40149 | D:15     | Entered Level 15 of the Dungeon
 40975 | D:15     | Found a glowing golden altar of the Shining One.
 41881 | D:15     | Found a staircase to the Depths.
 42819 | Orc:2    | Killed an orc warlord
 42932 | Orc:2    | Found a roughly hewn altar of Beogh.
 42961 | Orc:2    | Found Fosenax's General Store.
 42984 | Orc:2    | Found Nylotij's Antique Weapon Emporium.
 43003 | Orc:2    | Found Cuny's Jewellery Emporium.
 43041 | Orc:2    | Found Echetigi's Antique Armour Emporium.
 43258 | Orc:2    | Found a staircase to the Elven Halls.
 43377 | Orc:2    | Bought a slimy scale mail for 252 gold pieces
 43377 | Orc:2    | Identified the +3 scale mail of Amorality {rElec rF+ Str-5
                  | Slay+3} (You bought it in a shop on level 2 of the Orcish
                  | Mines)
 43485 | Orc:2    | Bought an uncursed ring of see invisible for 165 gold
                  | pieces
 43569 | D:9      | Bought a scarf of repulsion for 192 gold pieces
 43666 | D:12     | Bought a phantom mirror for 420 gold pieces
 43793 | Spider:1 | Entered Level 1 of the Spider Nest
 43977 | Spider:1 | Learned a level 3 spell: Portal Projectile
 44565 | Spider:1 | Reached skill level 1 in Translocations
 44569 | Spider:1 | Received a gift from Okawaru
 44569 | Spider:1 | Reached skill level 16 in Bows
 45129 | Spider:1 | Received a gift from Okawaru
 45908 | Spider:2 | Noticed a ghost moth
 46299 | Spider:2 | Noticed a ghost moth
 46311 | Spider:2 | Killed a ghost moth
 46398 | Spider:2 | Received a gift from Okawaru
 46826 | Spider:2 | Killed a ghost moth
 46826 | Spider:2 | Received a gift from Okawaru
 46979 | Spider:2 | Reached XP level 16. HP: 147/147 MP: 21/21
 47054 | Spider:2 | Received a gift from Okawaru
 47058 | Spider:2 | Got a faintly glowing longbow {god gift}
 47059 | Spider:2 | Identified the +9 longbow "Dragonbane" {freeze, MR+ Dex+2}
                  | (Okawaru gifted it to you on level 2 of the Spider Nest)
 47139 | Spider:2 | Reached skill level 1 in Spellcasting
 49323 | Spider:2 | Reached skill level 5 in Translocations
 49733 | Spider:3 | Received a gift from Okawaru
 51870 | Spider:3 | Received a gift from Okawaru
 52154 | Spider:4 | Entered Level 4 of the Spider Nest
 52192 | Spider:4 | Reached skill level 17 in Bows
 52488 | Spider:3 | Mangled by a spark wasp

Levels and vault maps discovered:
D:1:      evilmike_arrival_come_back, layout_basic
D:2:      layout_basic, old_standard_altar
D:3:      layout_rooms, lemuel_coloured_pillars_altar, gammafunk_ghost_grave
D:4:      cheibrodos_thug_alley, layout_basic, lemuel_old_faithful
D:5:      layout_rooms, first_ration, minmay_puff
D:6:      layout_rooms, nicolae_overflow_hidden_temple,
          minmay_temple_entry_overgrown, grunt_dithmenos_smoke_and_mirrors,
          uniq_sigmund, uniq_edmund
D:7:      layout_basic, yredelemnul_altar_generic, serial_shops,
          nicolae_shop_crystal, shop, shop, the_bakery, uniq_maggie
D:8:      layout_rooms, lemuel_round_altar, lemuel_round_altar
D:9:      layout_irregular_city, regret_index_temple_of_mockery,
          elyvilon_altar_4, serial_shops, shop, uniq_psyche, uniq_erolcha
D:10:     layout_roguey, david_orc_2, serial_shops, shop,
          muffindrake_ghost_dual_entry, columned_hall_lemuel
D:11:     layout_roguey, erik_lair_orcish_takeover,
          hellmonk_ghost_happy_afterlife
D:12:     layout_basic, serial_shops, shop, einodemon_barbed_minivault
D:13:     layout_loops_cross, lightli_vaults_fourway_checkpoint, serial_shops,
          shop, uniq_maurice, uniq_snorg, uniq_kirke
D:14:     layout_basic, drop_trap
D:15:     grunt_enter_depths_hoard, layout_gridville, basic_altar
Temple:   nicolae_temple_god_jail
Lair:1:   layout_cave_pods, grunt_forest_large_clearing_hut, lemuel_fruit_tree,
          lemuel_fruit_fields, infiniplex_staircase_pool_2, uniq_grum
Lair:2:   layout_hall_layers, chequers_serial_rivers_large_a,
          lemuel_fruit_fields, grunt_megastairs_2, uniq_harold
Lair:3:   layout_small_grid, minmay_shoals_entry_lonely_mermaid,
          spider_nest_entry_a, grunt_megastairs_1, uniq_fannar
Lair:4:   layout_small_grid, kennysheep_catoblepas_arena
Lair:5:   layout_long_grid, minmay_slime_entry_pillars, roderic_carrion_pond,
          uniq_sonja
Lair:6:   due_jungle_book, layout_regular_city,
          eino_small_chamber_without_monster
Spider:1: layout_chambers, drop_trap
Spider:2: layout_spider_delve
Spider:3: spiders_nest_scorpion_pit
Spider:4: grunt_spider_rune_circles, uniq_donald
Orc:1:    layout_caves, gammafunk_ghost_stat_death
Orc:2:    grunt_orc_cross, layout_caves

Skill      XL: |  1  2  3  4  5  6  7  8  9 10 11 12 13 14 15 16 |
---------------+-------------------------------------------------+-----
Polearms       | 2 3 4 5 6 7 8 9 10 11 12 13 14 | 14.0
Fighting       | 4 5 6 7 8 9 10 11 12 13 14 | 14.4
Bows           | 3 6 9 11 12 13 15 16 17 | 17.0
Armour         | 3 4 6 7 8 |  8.0
Invocations    | 6 7 |  7.0
Dodging        | 4 8 9 |  9.4
Translocations | 3 6 |  6.9
Spellcasting   | 3 |  3.3
Shields        | |  2.1

Action                   |  1- 3 |  4- 6 |  7- 9 | 10-12 | 13-15 | 16-18 || total
-------------------------+-------+-------+-------+-------+-------+-------++-------
Melee: Trident           |   137 |   174 |   363 |   644 |   347 |       ||  1665
       Kick              |    16 |    37 |    87 |   180 |   520 |    72 ||   912
       Punch             |       |       |       |     9 |     9 |     1 ||    19
       Demon trident     |       |       |       |       |   627 |   192 ||   819
       Glaive            |       |       |       |       |   124 |       ||   124
 Fire: Shortbow          |       |       |    84 |   517 |  1173 |    20 ||  1794
       Longbow           |       |       |       |       |       |   244 ||   244
Invok: Heroism           |       |       |       |    17 |    13 |     3 ||    33
       Finesse           |       |       |       |     1 |    10 |     1 ||    12
Evoke: Wand              |       |       |       |       |     2 |     5 ||     7
  Use: Scroll            |       |     6 |     8 |     9 |    14 |     2 ||    39
       Potion            |       |       |     2 |     3 |     4 |     5 ||    14
 Stab: Invisible         |       |       |       |     2 |       |       ||     2
       Sleeping          |       |       |       |       |     1 |     1 ||     2
       Distracted        |       |       |       |       |     1 |       ||     1
  Eat: Chunk             |     1 |     5 |    20 |    28 |    41 |     4 ||    99
       Ration            |       |     1 |       |     2 |     6 |     4 ||    13
Armor: Scale mail        |    60 |    10 |       |       |   192 |       ||   262
       Ring mail         |       |    53 |    61 |   181 |   488 |   204 ||   987
       Acid dragon scale |       |       |    50 |    33 |       |       ||    83
Dodge: Dodged            |    30 |    27 |    85 |   211 |   358 |   132 ||   843
Block: Kite shield       |    53 |    69 |    78 |       |       |       ||   200

Table legend:
 A = Non-vault XP
 B = Vault XP
 C = Vault XP percentage of total XP
 D = Non-vault monster count
 E = Vault monster count
 F = Vault count percentage of total count
                 A         B        C        D         E       F
            +---------+---------+-------+---------+---------+-------
      Total |  145564 |   49238 |  25.3 |     710 |     157 |  18.1
            +---------+---------+-------+---------+---------+-------
        D:1 |      48 |       0 |   0.0 |      28 |       0 |   0.0
        D:2 |      89 |       0 |   0.0 |      22 |       0 |   0.0
        D:3 |      59 |       0 |   0.0 |      12 |       0 |   0.0
        D:4 |     363 |     209 |  36.5 |      14 |      13 |  48.1
        D:5 |     686 |     143 |  17.2 |      19 |       3 |  13.6
        D:6 |     383 |     162 |  29.7 |       9 |       1 |  10.0
        D:7 |    1272 |     635 |  33.3 |      28 |       2 |   6.7
        D:8 |     902 |       0 |   0.0 |      18 |       0 |   0.0
        D:9 |    2066 |    1418 |  40.7 |      25 |       2 |   7.4
       D:10 |    2654 |     151 |   5.4 |      26 |       7 |  21.2
       D:11 |    4245 |     670 |  13.6 |      27 |       9 |  25.0
       D:12 |    4657 |    3181 |  40.6 |      32 |       7 |  17.9
       D:13 |    9233 |    8222 |  47.1 |      47 |      16 |  25.4
       D:14 |    6680 |       0 |   0.0 |      33 |       0 |   0.0
       D:15 |   10044 |    2051 |  17.0 |      32 |       2 |   5.9
     Lair:1 |    4988 |    1351 |  21.3 |      26 |       7 |  21.2
     Lair:2 |    2384 |    2090 |  46.7 |      12 |       4 |  25.0
     Lair:3 |    4922 |    2642 |  34.9 |      24 |       6 |  20.0
     Lair:4 |    4895 |    1035 |  17.5 |      21 |       2 |   8.7
     Lair:5 |    6338 |    1575 |  19.9 |      16 |      10 |  38.5
     Lair:6 |   13177 |    2833 |  17.7 |      27 |       5 |  15.6
   Spider:1 |   16676 |       0 |   0.0 |      47 |       0 |   0.0
   Spider:2 |   21202 |    1592 |   7.0 |      54 |       1 |   1.8
   Spider:3 |   15308 |    6095 |  28.5 |      38 |      13 |  25.5
   Spider:4 |    1389 |    3980 |  74.1 |       4 |       9 |  69.2
      Orc:1 |    7817 |    2985 |  27.6 |      48 |       7 |  12.7
      Orc:2 |    3087 |    6218 |  66.8 |      21 |      31 |  59.6
            +---------+---------+-------+---------+---------+-------
